 Dungeon Crawl Stone Soup version 0.22-a0-240-g539252a (webtiles) character file.

21987 Azzok the Warrior (level 12, -8/93 HPs)
             Began as a Gargoyle Berserker on Feb 21, 2018.
             Was a High Priest of Trog.
             Mangled by a minotaur (17 damage)
             ... on level 12 of the Dungeon.
             The game lasted 00:23:45 (11115 turns).

Azzok the Warrior (Gargoyle Berserker)             Turns: 11115, Time: 00:23:46

Health: -8/93      AC: 24    Str: 22    XL:     12   Next: 95%
Magic:  12/12      EV: 10    Int: 12    God:    Trog [*****.]
Gold:   719        SH:  0    Dex: 14    Spells: 11/11 levels left

rFire    + . .     SeeInvis .   w - +1 short sword (elec)
rCold    . . .     Gourm    .   (no shield)
rNeg     + . .     Faith    .   z - +3 scale mail {rF+}
rPois    ∞         Spirit   .   M - +2 helmet
rElec    +         Reflect  .   D - +0 cloak
rCorr    .         Harm     .   (no gloves)
MR       .....                  I - +0 pair of boots (curse)
Stlth    ..........             q - amulet of regeneration
HPRegen  0.65/turn              O - +1 ring of protection
MPRegen  0.13/turn              P - +5 ring of dexterity

@: berserk cooldown, slowed, very slow
A: negative energy resistance 1, electricity resistance, unbreathing,
petrification resistance, rot immunity, AC +8
a: Berserk, Trog's Hand, Brothers in Arms, Renounce Religion


You were on level 12 of the Dungeon.
You worshipped Trog.
Trog was extremely pleased with you.
You were not hungry.

You visited 1 branch of the dungeon, and saw 12 of its levels.

You collected 719 gold pieces.

Inventory:

Hand Weapons
 d - a +0 shortbow
 w - a +1 short sword of electrocution (weapon)
 L - a +0 dagger of electrocution
Missiles
 k - 129 arrows
Armour
 z - a +3 scale mail of fire resistance (worn)
 D - a +0 cloak (worn)
 I - a cursed +0 pair of boots (worn)
 M - a +2 helmet (worn)
Jewellery
 q - an amulet of regeneration (around neck)
 O - a +1 ring of protection (left hand)
 P - a +5 ring of dexterity (right hand)
 R - an uncursed ring of fire {unknown}
Wands
 x - a wand of scattershot (6)
 y - a wand of paralysis (9)
 C - a wand of iceblast (8)
 J - a wand of digging (21)
Scrolls
 a - a scroll of vulnerability {unknown}
 b - 8 scrolls of teleportation {unknown}
 f - 4 scrolls of amnesia
 h - 6 scrolls of remove curse
 i - 4 scrolls of fear
 l - 2 scrolls of immolation {unknown}
 n - 7 scrolls of identify
 o - 2 scrolls of random uselessness {unknown}
 p - 5 scrolls of fog {unknown}
 u - a scroll of blinking {unknown}
 v - 5 scrolls of enchant armour {unknown}
 A - 2 scrolls of enchant weapon {unknown}
 E - 4 scrolls of magic mapping {unknown}
 F - a scroll of noise {unknown}
 G - 2 scrolls of summoning {unknown}
Potions
 e - 2 potions of lignification {unknown}
 g - 2 potions of invisibility {unknown}
 j - 4 potions of flight {unknown}
 m - 3 potions of curing {unknown}
 r - 2 potions of mutation {unknown}
 s - 3 potions of brilliance {unknown}
 t - 4 potions of magic {unknown}
 B - a potion of ambrosia {unknown}
 H - 5 potions of heal wounds {unknown}
 K - 3 potions of haste {unknown}
 Q - a potion of might
Comestibles
 c - 18 rations


   Skills:
 - Level 18.4 Fighting
   Level 2.6 Polearms
 + Level 11.2 Bows
 - Level 2.1 Armour
 - Level 1.5 Dodging


You had 11 spell levels left.
You didn't know any spells.

Dungeon Overview and Level Annotations

Branches:
Dungeon (12/15)            Temple (0/1) D:4            Lair (0/6) D:9
    Orc (0/2) D:9

Altars:
Ashenzari
Cheibriados
Elyvilon
Fedhas
Kikubaaqudgha
Okawaru
Qazlal
Ru
Sif Muna
Trog
Xom
Yredelemnul
Zin
The Shining One

Shops:
D:7 ::   D:11 }


Innate Abilities, Weirdness & Mutations

You are resistant to torment.
Your stone body is resilient. (AC +8)
You are immune to poison.
You resist negative energy. (rN+)
You are resistant to electric shocks. (rElec)
You can survive without breathing.
You are immune to petrification.
You are immune to rotting.


Message History

The minotaur gores you but does no damage.
You hit the minotaur but do no damage.
The minotaur is lightly wounded.
The minotaur hits you but does no damage.
The minotaur gores you.
* * * LOW HITPOINT WARNING * * *
You hit the minotaur but do no damage.
The minotaur is lightly wounded.
You are no longer berserk.
Trog's vigour flows through your veins.
You are exhausted.
You feel yourself slow down.
You puncture the minotaur! Lightning courses through the minotaur!
The minotaur is heavily wounded.
The minotaur hits you.
* * * LOW HITPOINT WARNING * * *
The minotaur gores you.
* * * LOW HITPOINT WARNING * * *
The minotaur hits you!
You die...

▒▒▒▒▒▒▒·≈≈······▒(▒·▒····▒ ▒·▒·
▒·≈≈······▒'▒'▒·▒▒▒▒ ▒·▒·
▒·≈≈······'···▒·▒ ▒·▒·
▒··≈≈(····▒···▒·▒ ▒·▒·
▒▒▒▒··≈≈·····▒▒▒▒▒·▒ ▒···
·····≈≈····(·······▒ ▒▒▒·
···≈·≈≈·▒▒▒▒▒}·····▒ ▒▒
···≈≈≈≈·)▒···'()····▒▒ ▒
·≈≈≈≈≈≈··▒▒▒▒▒@······▒▒▒▒▒▒▒▒▒▒
c≈≈≈≈≈≈≈······H················
·≈≈≈≈≈≈≈·············▒▒▒▒▒▒▒▒▒▒
≈≈≈··≈H≈≈··········)))·▒
≈·····≈≈≈···········▒▒(▒
▒▒▒····≈≈(··········▒·▒
'···)··≈··········▒·▒
▒▒▒▒····≈≈≈··········▒·▒ ▒▒
·······≈≈············▒·▒ ▒·


You could see a minotaur.

Vanquished Creatures
  A minotaur (D:12)
  Erolcha (D:12)
  A hydra (D:11)
  4 two-headed ogres
  3 death yaks (D:9)
  Sonja (D:10)
  An unseen horror (D:10)
  A deep elf mage (D:12)
  5 ugly things
  A cyclops (D:12)
  Maurice (D:9)
  8 yaktaurs (D:12)
  A troll (D:12)
  A hornet (D:12)
  4 slime creatures (D:12)
  2 hippogriffs
  Sigmund (D:4)
  2 wyverns
  11 yaks
  2 hungry ghosts
  Eustachio (D:4)
  The ghost of Azzok the Firebug, an amateur HOFE (D:3)
  5 ice beasts
  2 black bears
  2 orc warriors
  2 sky beasts (D:12)
  2 phantoms
  2 necrophages
  A centaur (D:11)
  5 eyes of draining
  2 ogres
  A big kobold (D:8)
  7 bullfrogs
  3 scorpions
  3 killer bees (D:8)
  An electric eel (D:12)
  8 howler monkeys
  5 crimson imps
  A centaur zombie (D:6)
  5 orc priests
  7 hounds
  2 jellies
  5 bullfrog skeletons
  8 orc wizards
  An iguana (D:9)
  2 centaur skeletons
  Ijyb (D:4)
  Terence (D:2)
  6 worker ants
  A hound zombie (D:6)
  A worker ant zombie (D:10)
  2 howler monkey zombies (D:9)
  11 adders
  14 gnolls
  3 shadow imps
  An ooze (D:7)
  2 adder skeletons
  An adder zombie (D:6)
  3 worms
  3 dart slugs
  8 leopard geckos
  28 orcs
  9 bats
  4 giant cockroaches
  5 goblins
  8 hobgoblins
  15 jackals
  3 quokkas
  2 frilled lizards
  15 kobolds
  A leopard gecko zombie (D:6)
  A quokka zombie (D:6)
  7 rats
292 creatures vanquished.

Vanquished Creatures (others)
  A quokka (D:4)
  A plant (D:8)
2 creatures vanquished.

Grand Total: 294 creatures vanquished

Notes
Turn   | Place    | Note
-------+----------+-------------------------------------------
     0 | D:1      | Azzok the Gargoyle Berserker began the quest for the Orb.
     0 | D:1      | Reached XP level 1. HP: 14/14 MP: 1/1
   159 | D:1      | Reached XP level 2. HP: 20/20 MP: 2/2
   178 | D:1      | Reached skill level 4 in Fighting
   482 | D:1      | Reached XP level 3. HP: 19/24 MP: 3/3
   823 | D:2      | Reached skill level 5 in Fighting
   892 | D:2      | Noticed Terence
   910 | D:2      | Killed Terence
   910 | D:2      | Reached XP level 4. HP: 31/31 MP: 4/4
  1048 | D:2      | Reached ** piety under Trog
  1400 | D:2      | Found a faded altar of an unknown god.
  1442 | D:2      | Found a sacrificial altar of Ru.
  1587 | D:3      | Reached skill level 6 in Fighting
  1686 | D:3      | Noticed Azzok's ghost (amateur HOFE)
  1705 | D:3      | Killed Azzok's ghost
  1705 | D:3      | Reached skill level 7 in Fighting
  1705 | D:3      | Reached XP level 5. HP: 37/38 MP: 5/5
  1705 | D:3      | Reached XP level 6. HP: 43/44 MP: 6/6
  1918 | D:3      | Found a white marble altar of Elyvilon.
  2150 | D:3      | Reached *** piety under Trog
  2646 | D:4      | Got a faintly glowing leather armour
  2701 | D:4      | Noticed Eustachio
  2722 | D:4      | Killed Eustachio
  2722 | D:4      | Reached skill level 8 in Fighting
  2739 | D:4      | Noticed Ijyb
  2751 | D:4      | Killed Ijyb
  2799 | D:4      | Found a staircase to the Ecumenical Temple.
  3058 | D:4      | Noticed Sigmund
  3079 | D:4      | Killed Sigmund
  3079 | D:4      | Reached skill level 9 in Fighting
  3079 | D:4      | Reached XP level 7. HP: 43/51 MP: 7/7
  3183 | D:4      | Found a glowing golden altar of the Shining One.
  3211 | D:4      | Found a basalt altar of Yredelemnul.
  3213 | D:4      | Noticed a profane servitor
  3341 | D:4      | Noticed an angel
  3370 | D:5      | Entered Level 5 of the Dungeon
  3766 | D:5      | Found a snail-covered altar of Cheibriados.
  3767 | D:5      | Found a glowing silver altar of Zin.
  4169 | D:6      | Reached skill level 10 in Fighting
  4201 | D:6      | Reached XP level 8. HP: 53/57 MP: 8/8
  4614 | D:7      | Found Mytyl's Book Shop.
  4662 | D:7      | Reached skill level 11 in Fighting
  4767 | D:7      | Reached **** piety under Trog
  4775 | D:7      | Found Qufrergh's Book Shoppe.
  4809 | D:7      | Found a bloodstained altar of Trog.
  4919 | D:7      | Reached skill level 12 in Fighting
  5061 | D:8      | Reached XP level 9. HP: 61/65 MP: 9/9
  5139 | D:8      | Identified the +0 leather armour of Compassion {rPois MR+} (You found it on level 4 of the Dungeon)
  5217 | D:8      | Noticed a two-headed ogre
  5224 | D:8      | Killed a two-headed ogre
  5224 | D:8      | Reached skill level 13 in Fighting
  5422 | D:8      | Reached skill level 14 in Fighting
  5610 | D:8      | Found an ancient bone altar of Kikubaaqudgha.
  5611 | D:8      | Found a blossoming altar of Fedhas.
  5810 | D:8      | Found a stormy altar of Qazlal.
  6015 | D:9      | Noticed Maurice
  6087 | D:9      | Reached XP level 10. HP: 69/76 MP: 10/10
  6117 | D:9      | Found a staircase to the Orcish Mines.
  6197 | D:9      | Noticed a death yak
  6220 | D:9      | Killed a death yak
  6220 | D:9      | Reached skill level 15 in Fighting
  6260 | D:9      | Noticed a death yak
  6282 | D:9      | Noticed a death yak
  6297 | D:9      | Killed a death yak
  6305 | D:9      | Killed a death yak
  6305 | D:9      | Reached skill level 16 in Fighting
  6445 | D:9      | Found a staircase to the Lair.
  6513 | D:9      | Found a shimmering altar of Xom.
  6533 | D:9      | Found a deep blue altar of Sif Muna.
  6568 | D:9      | Killed Maurice
  6572 | D:9      | Reached XP level 11. HP: 84/84 MP: 11/11
  6649 | D:9      | Reached ***** piety under Trog
  6879 | D:9      | Reached skill level 17 in Fighting
  6888 | D:9      | Found an iron altar of Okawaru.
  6929 | D:9      | Found a shattered altar of Ashenzari.
  6929 | D:9      | Noticed a two-headed ogre
  6938 | D:9      | Killed a two-headed ogre
  7124 | D:10     | Entered Level 10 of the Dungeon
  7133 | D:10     | Noticed a two-headed ogre
  7144 | D:10     | Killed a two-headed ogre
  7623 | D:10     | Killed an unseen horror
  7623 | D:10     | Reached skill level 18 in Fighting
  7846 | D:10     | Noticed Sonja
  8167 | D:10     | Killed Sonja
  8281 | D:11     | Noticed a five-headed hydra
  8439 | D:11     | Received a gift from Trog
  8498 | D:11     | Noticed a two-headed ogre
  8523 | D:11     | Killed a two-headed ogre
  8690 | D:11     | Killed a five-headed hydra
  8772 | D:11     | Found Igrelaiw's Gadget Shoppe.
  8911 | D:11     | Noticed a red ugly thing
  8921 | D:11     | Killed a red ugly thing
  8921 | D:11     | Reached skill level 5 in Bows
  8921 | D:11     | Reached XP level 12. HP: 78/93 MP: 12/12
  9285 | D:12     | Found a shattered altar of Ashenzari.
 10468 | D:12     | Noticed Erolcha
 10479 | D:12     | Killed Erolcha
 10479 | D:12     | Received a gift from Trog
 10557 | D:12     | Reached skill level 10 in Bows
 10984 | D:12     | Noticed a minotaur
 10993 | D:12     | Noticed a minotaur
 11107 | D:12     | Killed a minotaur
 11115 | D:12     | Mangled by a minotaur

Vault maps used:
D:1:      minmay_arrival_arboretum_large
D:2:      marbit_many_paths, chequers_ecumenical_altar_island, first_ration,
          uniq_terence
D:3:      elyvilon_altar_4
D:4:      grunt_temple_overflow_holy_war, minmay_temple_entry_trees,
          kennysheep_generic_room_11, uniq_eustachio, uniq_ijyb, uniq_sigmund
D:5:      gammafunk_temple_overflow_statue
D:7:      trog_eyes_of_draining, serial_shops, shop, shop, minmay_fountain_box
D:8:      grunt_temple_overflow_growth_and_decay, basic_altar
D:9:      nicolae_overflow_quartered_altars, dpeg_lair_monsters, orc_0_dummy,
          uniq_maurice
D:10:     uniq_sonja
D:11:     serial_column_ruins, column_ruins_open_tiny, column_ruins_open_tiny,
          column_ruins_open_medium, column_ruins_open_small,
          column_ruins_columns_straight, column_ruins_corridor_water,
          serial_shops, shop
D:12:     fort_yaktaur, basic_altar, uniq_erolcha

Skill      XL: |  1  2  3  4  5  6  7  8  9 10 11 12 |
---------------+-------------------------------------+-----
Fighting       | 4 5 7 9 10 12 14 16 18 | 18.4
Bows           | 5 11 | 11.2
Polearms       | |  2.6
Armour         | |  2.1
Dodging        | |  1.5

Action                   |  1- 3 |  4- 6 |  7- 9 | 10-12 || total
-------------------------+-------+-------+-------+-------++-------
Melee: Spear             |   128 |    90 |       |       ||   218
       Short sword       |       |    92 |   371 |   836 ||  1299
Invok: Berserk           |     2 |     1 |     3 |    16 ||    22
       Trog's Hand       |       |       |       |     4 ||     4
Evoke: Wand              |       |       |       |     3 ||     3
  Use: Scroll            |     3 |       |     2 |     2 ||     7
       Potion            |       |       |       |     2 ||     2
  Eat: Chunk             |     1 |     8 |    17 |    31 ||    57
       Ration            |       |       |     1 |     2 ||     3
Armor: Ring mail         |    66 |       |       |       ||    66
       Scale mail        |       |    81 |   244 |   770 ||  1095
       Skin              |       |       |     3 |       ||     3
Dodge: Dodged            |    85 |    79 |   233 |   518 ||   915

Table legend:
 A = Spawn XP
 B = Non-spawn XP
 C = Spawn XP percentage of total XP
 D = Spawn monster count
 E = Non-spawn monster count
 F = Spawn count percentage of total count
 G = Total turns spent on level
                    A         B        C        D         E        F      G
               +---------+---------+-------+---------+---------+-------+---------
         Total |       0 |   31410 |   0.0 |       0 |     292 |   0.0 | 11115
               +---------+---------+-------+---------+---------+-------+---------
           D:1 |       0 |      46 |   0.0 |       0 |      23 |   0.0 |   788
           D:2 |       0 |     105 |   0.0 |       0 |      25 |   0.0 |   766
           D:3 |       0 |     221 |   0.0 |       0 |      20 |   0.0 |   868
           D:4 |       0 |     458 |   0.0 |       0 |       6 |   0.0 |   948
           D:5 |       0 |     246 |   0.0 |       0 |       7 |   0.0 |   714
           D:6 |       0 |     541 |   0.0 |       0 |      26 |   0.0 |   524
           D:7 |       0 |     685 |   0.0 |       0 |      17 |   0.0 |   434
           D:8 |       0 |    2167 |   0.0 |       0 |      26 |   0.0 |   972
           D:9 |       0 |    6055 |   0.0 |       0 |      35 |   0.0 |  1110
          D:10 |       0 |    4551 |   0.0 |       0 |      30 |   0.0 |  1154
          D:11 |       0 |    3606 |   0.0 |       0 |      22 |   0.0 |   868
          D:12 |       0 |   12729 |   0.0 |       0 |      55 |   0.0 |  1969
               +---------+---------+-------+---------+---------+-------+---------
